 Dungeon Crawl Stone Soup version 0.30-a0-1082-g70414cbcbb (webtiles) character file.

Game seed: 12968874790183613459

47 gelatine the Magician (level 3, -7/25 HPs)
             Began as a Demonspawn Hedge Wizard on Apr 15, 2023.
             Mangled by Sigmund
             ... wielding a +0 scythe
              (9 damage)
             ... on level 2 of the Dungeon.
             The game lasted 00:03:03 (1568 turns).

gelatine the Magician (Demonspawn Hedge Wizard)     Turns: 1568, Time: 00:03:04

Health: -7/25      AC:  4    Str: 10    XL:     3   Next: 48%
Magic:  3/8        EV: 12    Int: 17    God:
Gold:   81         SH:  0    Dex: 12    Spells: 8/9 levels left

rFire   . . .      SeeInvis .    a - +0 dagger
rCold   . . .      Faith    .    (no shield)
rNeg    . . .      Spirit   .    b - +0 robe
rPois   .          Reflect  .    f - +0 helmet
rElec   .          Rampage  .    (no cloak)
rCorr   .                        (no gloves)
Will    .....                    j - +0 pair of boots
Stlth   ++                       (no amulet)
HPRegen 0.24/turn                (no ring)
MPRegen 0.11/turn                (no ring)

@: no status effects
A: weakness stinger 1
a: no special abilities


You were on level 2 of the Dungeon.
You visited 1 branch of the dungeon, and saw 2 of its levels.

You collected 81 gold pieces.

Inventory:

Hand Weapons
 a - a +0 dagger (weapon)
Armour
 b - a +0 robe (worn)
 c - a +0 hat
 f - a +0 helmet (worn)
 j - a +0 pair of boots (worn)
Wands
 m - a wand of polymorph (10)
Scrolls
 e - 7 scrolls of identify {unknown}
 g - 2 scrolls of immolation {unknown}
 h - a scroll of fear {unknown}
 i - a scroll of noise {unknown}
 l - a scroll of blinking {unknown}
Potions
 d - a potion of magic
 k - a potion of curing {unknown}


   Skills:
 * Level 0.8 Fighting
 * Level 0.4 Short Blades
 * Level 0.1 Armour
 * Level 1.9 Dodging
 * Level 1.9 Stealth
 * Level 3.5 Spellcasting
 * Level 1.3 Conjurations
 * Level 1.3 Summonings
 * Level 1.2 Translocations


You had 8 spell levels left.
You knew the following spells:

 Your Spells              Type           Power      Damage    Failure   Level
a - Magic Dart            Conj           28%        1d4       10%         1

Your spell library contained the following spells:

 Spells                   Type           Power      Damage    Failure   Level
 Blink                    Tloc           14%        N/A       14%         2
 Call Imp                 Summ           14%        N/A       14%         2
 Slow                     Hex            8%         N/A       17%         1
 Cigotuvi's Dreadful Rot  Necr/Pois/Air  4%         N/A       26%         2
 Mephitic Cloud           Conj/Pois/Air  4%         N/A       38%         3


Dungeon Overview and Level Annotations

Branches:
Dungeon (2/15)

Altars:

Annotations:
D:2 Sigmund


Innate Abilities, Weirdness & Mutations

You have a small tail.


Message History

You can't see any susceptible monsters within range! (Use Z to cast anyway.)
You can't see any susceptible monsters within range! (Use Z to cast anyway.)
A ball python is nearby!
Unknown command.
A ball python is nearby!
The magic dart hits the ball python.
You kill the ball python!
You can't see any susceptible monsters within range! (Use Z to cast anyway.)
Found a stone staircase leading down.
Sigmund the Dreaded comes into view.
He is wielding a +0 scythe.
Sigmund shouts!
Sigmund casts a spell at you. The magic dart hits you.
The magic dart hits Sigmund.
Sigmund is lightly wounded.
The magic dart hits Sigmund.
Sigmund is lightly wounded.
The magic dart hits Sigmund but does no damage.
Sigmund is lightly wounded.
The magic dart hits Sigmund.
Sigmund is lightly wounded.
Sigmund casts a spell.
Sigmund flickers and vanishes!
Deactivating autopickup; reactivate with Ctrl-A.
A worm comes into view.
A magic dart appears from out of thin air!
The magic dart hits you!
Casting: Magic Dart (safe; 10% risk of failure)
Confirm with . or Enter, or press ? or * to list all spells.
Aiming: Magic Dart (safe; 10% risk of failure)
Press: ? - help, Shift-Dir - straight line The magic dart hits something but does no damage.
Something hits you!
* * * LOW HITPOINT WARNING * * *
Casting: Magic Dart (safe; 10% risk of failure)
Confirm with . or Enter, or press ? or * to list all spells.
Aiming: Magic Dart (safe; 10% risk of failure)
Press: ? - help, Shift-Dir - straight line The magic dart hits something.
Something hits you!
You die...

#####....#.###.##.#######
........................'
.####.............#.....#
.........#.###.#..#.....#
..###†...#.....#..# ....#
...##....#.....#..# ....#
.#.....###.....#..# ##.#
.####...........^.# .. .#
#..##......#@## .#
#..##...#..#.# .#
#...#...#..#{##.##. .#
#.#.....#........... .
#.###......#######.. #.#
##.##..# #.# #...... #.#
#[.#... #.>....w


There were no monsters in sight!

Vanquished Creatures
  An adder (D:2)
  A worm (D:2)
  3 bats (D:1)
  2 endoplasms
  A giant cockroach (D:1)
  6 goblins
  2 hobgoblins (D:1)
  4 jackals (D:1)
  5 kobolds
  A quokka (D:2)
  4 ball pythons
  2 frilled lizards
  2 rats
34 creatures vanquished.

Notes
Turn   | Place    | Note
-------+----------+-------------------------------------------
     0 | D:1      | gelatine the Demonspawn Hedge Wizard began the quest for
                  | the Orb.
     0 | D:1      | Reached XP level 1. HP: 13/13 MP: 4/4
   332 | D:1      | Reached skill level 1 in Translocations
   332 | D:1      | Discovered your monstrous ancestry.
   332 | D:1      | Gained mutation: You have a small tail. [demonic ancestry]
   332 | D:1      | Reached XP level 2. HP: 19/19 MP: 3/6
  1235 | D:2      | Reached XP level 3. HP: 25/25 MP: 5/7
  1556 | D:2      | Noticed Sigmund
  1568 | D:2      | Mangled by Sigmund

Illustrated notes

Levels and vault maps discovered:
D:1:      giann_horns, layout_loops_ring, minmay_octomino_c4
D:2:      layout_basic, uniq_sigmund

Skill      XL: |  1 |
---------------+----+-----
Translocations | 1 |  1.2
Fighting       | |  0.8
Short Blades   | |  0.4
Armour         | |  0.1
Dodging        | |  1.9
Stealth        | |  1.9
Spellcasting   | |  3.5
Conjurations   | |  1.3
Summonings     | |  1.3

Action                     || total
---------------------------++-------
  Melee: Dagger            ||    64
         Tailslap          ||     5
   Cast: Magic Dart        ||    74
 Armour: Robe              ||    19
  Dodge: Dodged            ||    36

Table legend: (Time is in decaauts)
 A = Elapsed time spent in this place.
 B = Non-inter-level travel time spent in this place.
 C = Inter-level travel time spent in this place.
 D = Time resting spent in this place.
 E = Time spent auto-exploring this place.
 F = Levels seen in this place.
 G = Mean time per level.
                   A        B        C        D        E       F      G
               +--------+--------+--------+--------+--------+-----+--------+
         Total |   1567 |   1542 |     25 |      0 |   1266 |   2 |  783.5 |
       Dungeon |   1567 |   1542 |     25 |      0 |   1266 |   2 |  783.5 |
               +--------+--------+--------+--------+--------+-----+--------+

Top non-repeatable levels by time:
     D:1: 1127 daAuts
     D:2: 439 daAuts
